 Dungeon Crawl Stone Soup version 0.29-a0-721-g7f417c9bbb (webtiles) character file.

Game seed: 2514375990348600074

42 ytrimaz the Covered (level 4, -1/28 (40) HPs)
             Began as a Meteoran Fighter on June 28, 2022.
             Frozen to death by an endoplasm (4 damage)
             ... on level 2 of the Dungeon.
             The game lasted 00:02:59 (936 turns).

ytrimaz the Covered (Meteoran Fighter)               Turns: 936, Time: 00:02:59

HP:   -1/28 (40)    AC:  7    Str: 20    XL:     4   Next: 5%
MP:   5/5           EV:  9    Int:  9    God:
Gold: 54            SH:  5    Dex: 13    Spells: 3/3 levels left

rFire   . . .      SeeInvis .   a - +0 war axe
rCold   . . .      Faith    .   c - +0 buckler
rNeg    . . .      Spirit   .   b - +0 scale mail
rPois   .          Reflect  .   (no helmet)
rElec   .          Harm     .   (no cloak)
rCorr   .          Rampage  .   (no gloves)
Will    .....                   (no boots)
Stlth   ..........              (no amulet)
HPRegen 0.09/turn               n - ring of flight
MPRegen 0.09/turn               (no ring)

@: flying, glowing, very heavily drained
A: sense surroundings 1, otherworldly, glowing, explore regen
a: no special abilities


You were on level 2 of the Dungeon.
You visited 1 branch of the dungeon, and saw 2 of its levels.

You collected 54 gold pieces.

Inventory:

Hand Weapons
 a - a +0 war axe (weapon)
Armour
 b - a +0 scale mail (worn)
 c - a +0 buckler (worn)
Jewellery
 n - a ring of flight (left hand)
Scrolls
 f - a scroll of blinking {unknown}
 g - a scroll of fog {unknown}
 j - a scroll of teleportation {unknown}
 k - a scroll of enchant weapon {unknown}
 m - a scroll of fear {unknown}
Potions
 d - a potion of might
 e - 2 potions of curing {unknown}
 h - 3 potions of brilliance {unknown}
 i - 2 potions of heal wounds {unknown}
 l - 2 potions of cancellation {unknown}


   Skills:
 + Level 3.7 Fighting
 + Level 3.3 Axes
 + Level 4.1 Armour
 - Level 4.0 Shields


You had 3 spell levels left.
You didn't know any spells.
Your spell library was empty.

Dungeon Overview and Level Annotations

Branches:
Dungeon (2/15) Zot: 418

Altars:

Shops:
D:2 [


Innate Abilities, Weirdness & Mutations

You passively map a small area around you.
You are easily found by Zot.
You glow in the dark.
You regain HP and MP as you explore.


Message History

The endoplasm is almost dead.
The endoplasm freezes you.
You are frozen.
Unknown command.
You hit the endoplasm but do no damage.
The endoplasm is almost dead.
The endoplasm hits you but does no damage.
You hit the endoplasm but do no damage.
The endoplasm is almost dead.
The endoplasm freezes you.
You are frozen.
You block the endoplasm's attack.
Unknown command.
You hit the endoplasm but do no damage.
The endoplasm is severely wounded.
The endoplasm freezes you.
You are frozen.
You barely miss the endoplasm.
The endoplasm is severely wounded.
The endoplasm closely misses you. The endoplasm freezes you.
You are frozen.
* * * LOW HITPOINT WARNING * * *
You barely miss the endoplasm.
The endoplasm is heavily wounded.
The endoplasm freezes you.
You are frozen.
* * * LOW HITPOINT WARNING * * *
Unknown command.
You hit the endoplasm but do no damage.
The endoplasm is heavily wounded.
The endoplasm hits you but does no damage.
Unknown command.
You hit the endoplasm but do no damage.
The endoplasm is heavily wounded.
The endoplasm freezes you.
You are frozen.
* * * LOW HITPOINT WARNING * * *
The endoplasm freezes you.
You are frozen.
You die...

.. *###..... . * * , ...
#...... .#.
...##.....#...∩ * ,
#.....?..#..#. , ,
#..........#..
.#.............,, *
.......†)...# *, ,
.......@J...### , *
.......)......#.,
######.. ....###'#.......
........ ....###'###...#.
.........................
.......#..........##.....
, *
..................##,,...
, ,
...................#,, .
, ........ ..........# *
*,


You could see an endoplasm.

Vanquished Creatures
  A worm (D:2)
  A ball python (D:1)
  5 bats
  An endoplasm (D:1)
  A giant cockroach (D:1)
  4 goblins (D:1)
  2 hobgoblins (D:1)
  7 jackals
  5 kobolds
  A quokka (D:2)
  3 frilled lizards (D:1)
  2 rats
33 creatures vanquished.

Notes
Turn   | Place    | Note
-------+----------+-------------------------------------------
     0 | D:1      | ytrimaz the Meteoran Fighter began the quest for the Orb.
     0 | D:1      | Reached XP level 1. HP: 19/19 MP: 2/2
    87 | D:1      | Reached XP level 2. HP: 20/26 MP: 3/3
   220 | D:1      | Reached XP level 3. HP: 31/31 MP: 4/4
   471 | D:1      | Glimpsed the power of Zot.
   520 | D:1      | Glimpsed the power of Zot.
   560 | D:1      | Glimpsed the power of Zot.
   570 | D:1      | Touched by the power of Zot.
   921 | D:2      | Found Ynkauwet's Antique Armour Shop.
   924 | D:2      | Reached XP level 4. HP: 26/28 MP: 5/5
   936 | D:2      | Frozen to death by an endoplasm

Illustrated notes

Levels and vault maps discovered:
D:1:      dpeg_arrival_connections, layout_loops_ring, bh_walls_and_bars
D:2:      layout_basic, serial_shops, nicolae_shop_advertising_works
          [nicolae_subvault_shop_adworks], uniq_crazy_yiuf_cottage

Skill      XL: |  1  2  3 |
---------------+----------+-----
Shields        | 4 |  4.0
Armour         | 4 |  4.1
Axes           | 3 |  3.3
Fighting       | |  3.7

Action                   |  1- 3 |  4- 6 || total
-------------------------+-------+-------++-------
Melee: War axe           |   102 |    13 ||   115
Armor: Scale mail        |    80 |     6 ||    86
Dodge: Dodged            |    53 |     4 ||    57
Block: Buckler           |    39 |     2 ||    41

Table legend: (Time is in decaauts)
 A = Elapsed time spent in this place.
 B = Non-inter-level travel time spent in this place.
 C = Inter-level travel time spent in this place.
 D = Time resting spent in this place.
 E = Time spent auto-exploring this place.
 F = Levels seen in this place.
 G = Mean time per level.
                   A        B        C        D        E       F      G
               +--------+--------+--------+--------+--------+-----+--------+
         Total |    981 |    940 |     41 |      0 |    557 |   2 |  490.5 |
       Dungeon |    981 |    940 |     41 |      0 |    557 |   2 |  490.5 |
               +--------+--------+--------+--------+--------+-----+--------+

Top non-repeatable levels by time:
     D:1: 603 daAuts
     D:2: 377 daAuts
